 Dungeon Crawl Stone Soup version 0.22.1-1-ga44c0e56f4 (webtiles) character file.

9512 riffraff the Cleaver (level 11, -7/130 HPs)
             Began as a Demonspawn Berserker on Sept 30, 2018.
             Was a High Priest of Trog.
             Mangled by a freezing wraith (11 damage)
             ... in an ice cave.
             The game lasted 00:25:40 (7454 turns).

riffraff the Cleaver (Demonspawn Berserker)         Turns: 7454, Time: 00:25:42

Health: -7/130     AC: 12    Str: 26    XL:     11   Next: 24%
Magic:  4/4        EV: 15    Int:  8    God:    Trog [*****.]
Gold:   1112       SH:  0    Dex: 17    Spells: 10/10 levels left

rFire    + . .     SeeInvis +   A - +2 war axe (antimagic)
rCold    + . .     Gourm    .   (no shield)
rNeg     . . .     Faith    .   k - +5 ring mail of Patterns {rC+ MR+ Regen+}
rPois    .         Spirit   .   (helmet restricted)
rElec    .         Reflect  .   (no cloak)
rCorr    .         Harm     .   (gloves unavailable)
MR       ++...                  (no boots)
Stlth    ..........             e - amulet "Piky" {Acrobat *Drain Fragile Str+8 SInv}
HPRegen  1.71/turn              x - ring of protection from magic
MPRegen  0.09/turn              (no ring)

@: berserking (expiring), slowed
A: antennae 1, beak, claws 3, icy blue scales 2, deformed body, fire resistance
1, powered by death 2, weak 2
a: Berserk, Trog's Hand, Brothers in Arms, Renounce Religion


You were in an ice cave.
You worshipped Trog.
Trog was extremely pleased with you.
You were near starving.

You visited 2 branches of the dungeon, and saw 10 of its levels.
You also visited: Bailey and Ice Cave.

You collected 1112 gold pieces.

Inventory:

Hand Weapons
 q - a +3 hand axe of electrocution
 s - the +3 trident "Wubom" {protect, *Slow rC+ Int+2}
   (You found it on level 4 of the Dungeon)

   It protects the one who uses it against injury (+AC on strike).
   It affects your intelligence (+2).
   It protects you from cold.
   It may slow you when you take damage.
 A - a +2 antimagic war axe (weapon)
Missiles
 v - 12 tomahawks (quivered)
Armour
 h - a +1 pair of gloves
 k - the +5 ring mail of Patterns (worn) {rC+ MR+ Regen+}
   (You found it on level 5 of the Dungeon)

   It protects you from cold.
   It affects your resistance to hostile enchantments.
   It increases your rate of regeneration.
Jewellery
 e - the amulet "Piky" (around neck) {Acrobat *Drain Fragile Str+8 SInv}
   (You found it in a bailey)

   [amulet of the acrobat]

   It helps you evade while moving and waiting.
   It affects your strength (+8).
   It lets you see invisible.
   It causes draining when unequipped.
   It will be destroyed if unequipped.
 p - an uncursed amulet of rage {unknown}
 x - a ring of protection from magic (left claw)
Wands
 d - a wand of digging (13)
 u - a wand of enslavement (12)
 y - a wand of paralysis (10)
 z - a wand of flame (19)
Scrolls
 b - 4 scrolls of remove curse
 g - a scroll of enchant armour
 i - 2 scrolls of teleportation
 j - a scroll of noise {unknown}
 r - 3 scrolls of fear {unknown}
Potions
 a - 2 potions of brilliance
 f - 2 potions of haste
 m - 2 potions of curing
 n - a potion of flight
 o - 3 potions of heal wounds
 t - a potion of magic {unknown}
 w - 4 potions of agility
Miscellaneous
 l - a fan of gales (inert)
Comestibles
 c - 22 rations


   Skills:
 + Level 8.4 Fighting
 + Level 11.3(11.4) Axes
 - Level 2.1(7.6) Polearms
 + Level 0.5 Throwing
 + Level 7.1 Armour
 + Level 5.6 Dodging
 + Level 2.1 Evocations


You had 10 spell levels left.
You didn't know any spells.
Your spell library was empty.

Dungeon Overview and Level Annotations

Branches:
Dungeon (9/15)             Temple (0/1) D:5            Lair (1/6) D:9
    Orc: D:9-12

Altars:
Ashenzari
Hepliaklqana
Nemelex Xobeh
Uskayaw
Xom
Zin
The Shining One

Shops:
D:6 }


Innate Abilities, Weirdness & Mutations

You have claws for hands.
You are mostly covered in icy blue scales. (AC +3)
Your flesh is heat resistant. (rF+)
You regenerate health from kills.
You have a pair of small antennae on your head.
You have a beak for a mouth.
Armour fits poorly on your strangely shaped body.
You are very weak. (Str -4)


Message History

* * * LOW HITPOINT WARNING * * *
The freezing wraith freezes you. You resist.
* * * LOW HITPOINT WARNING * * *
The freezing wraith closely misses you.
You are too berserk!
You are too berserk!
You slice the freezing wraith!!
The freezing wraith is almost destroyed.
The freezing wraith hits you!
* * * LOW HITPOINT WARNING * * *
The freezing wraith freezes you! You resist.
* * * LOW HITPOINT WARNING * * *
The freezing wraith barely misses you.
You closely miss the freezing wraith.
You peck the freezing wraith, but do no damage.
The freezing wraith is almost destroyed.
The freezing wraith hits you!
* * * LOW HITPOINT WARNING * * *
The freezing wraith freezes you! You resist.
You die...

##.....####..####
#......# ####
##....## ### #...##
##.## ##..## ###
#...## #..## ##.##
#....####..#
##...#####
#..#..W#...#
#..#.....#
#..##..@..##
##..##.....
##{###...##
#..###.....
#.{######
##..###..... ##..##
#..###.W.... #..W##
##W.# #.W....
##...## #.W##
#......
##.W.####.##
##.5.... ##...##..#
##5.#...#
##..#..####..###..#


You could see a freezing wraith.

Vanquished Creatures
  A two-headed ogre (D:9)
  Pikel (D:5)
  A komodo dragon (Lair:1)
  7 freezing wraiths (IceCv)
  A troll (D:9)
  A wyvern (D:8)
  A death yak simulacrum (IceCv)
  Menkaure (D:5)
  Duvessa (D:5)
  Edmund (D:5)
  An orc warrior (D:8)
  3 sky beasts
  A phantom (D:8)
  A black bear (D:8)
  14 ice beasts
  5 ogres
  A centaur (D:8)
  2 big kobolds
  6 bullfrogs
  9 gnoll sergeants
  Dowan (D:5)
  2 scorpions
  5 killer bees (D:9)
  An elephant simulacrum (IceCv)
  2 howler monkeys (D:7)
  3 crimson imps
  7 hounds
  A quasit (D:7)
  4 orc priests
  6 gnoll shamans (Bailey)
  3 jellies
  An iguana (D:6)
  8 orc wizards
  6 worker ants
  A polar bear simulacrum (IceCv)
  A wolf simulacrum (IceCv)
  A centaur simulacrum (IceCv)
  A hound zombie (D:8)
  2 hound skeletons
  Robin (D:3)
  18 gnolls
  11 adders
  6 shadow imps
  7 white imps (IceCv)
  An ooze (D:3)
  An adder zombie (D:8)
  An adder skeleton (D:8)
  2 worms
  A dart slug (D:1)
  8 leopard geckos
  20 orcs
  2 ball pythons
  6 giant cockroaches
  17 goblins
  6 hobgoblins
  4 jackals (D:3)
  A quokka (D:8)
  16 bats
  7 frilled lizards
  6 kobolds
  2 leopard gecko skeletons
  A quokka skeleton (D:4)
  6 rats
266 creatures vanquished.

Vanquished Creatures (collateral kills)
  2 freezing wraiths (IceCv)
  An ice beast (IceCv)
  A centaur (D:9)
4 creatures vanquished.

Grand Total: 270 creatures vanquished

Notes
Turn   | Place    | Note
-------+----------+-------------------------------------------
     0 | D:1      | riffraff the Demonspawn Berserker began the quest for the
                  | Orb.
     0 | D:1      | Reached XP level 1. HP: 18/18 MP: 1/1
   307 | D:1      | Gained mutation: You are partially covered in icy blue
                  | scales. (AC +2) [demonic ancestry]
   307 | D:1      | Reached XP level 2. HP: 20/24 MP: 2/2
   644 | D:1      | Reached skill level 3 in Axes
   843 | D:2      | Gained mutation: You have sharp fingernails. [demonic
                  | ancestry]
   843 | D:2      | Reached XP level 3. HP: 29/29 MP: 3/3
   977 | D:2      | Found a shattered altar of Ashenzari.
   977 | D:2      | Found a sparkling altar of Nemelex Xobeh.
   978 | D:2      | Found a glowing silver altar of Zin.
  1051 | D:2      | Reached ** piety under Trog
  1149 | D:2      | Reached XP level 4. HP: 32/35 MP: 4/4
  1409 | D:2      | Gained mutation: You are weak. (Str -2) [potion of
                  | mutation]
  1409 | D:2      | Gained mutation: You are very weak. (Str -4) [potion of
                  | mutation]
  1409 | D:2      | Gained mutation: Armour fits poorly on your strangely
                  | shaped body. [potion of mutation]
  1409 | D:2      | Gained mutation: You have a pair of small antennae on your
                  | head. [potion of mutation]
  1984 | D:3      | Reached *** piety under Trog
  2248 | D:3      | Noticed Robin
  2259 | D:3      | Gained mutation: You regenerate a little health from kills.
                  | [demonic ancestry]
  2259 | D:3      | Reached XP level 5. HP: 42/42 MP: 5/5
  2265 | D:3      | Reached skill level 4 in Axes
  2279 | D:3      | Killed Robin
  2584 | D:4      | Got a scorched trident
  2585 | D:4      | Identified the cursed +3 trident "Wubom" {protect, *Slow
                  | rC+ Int+2} (You found it on level 4 of the Dungeon)
  2704 | D:4      | Reached XP level 6. HP: 44/48 MP: 6/6
  3224 | D:5      | Entered Level 5 of the Dungeon
  3306 | D:5      | Noticed Duvessa
  3306 | D:5      | Noticed Dowan
  3316 | D:5      | Killed Dowan
  3316 | D:5      | Reached skill level 1 in Polearms
  3317 | D:5      | Killed Duvessa
  3317 | D:5      | Gained mutation: Your flesh is heat resistant. (rF+)
                  | [demonic ancestry]
  3317 | D:5      | Reached XP level 7. HP: 18/55 MP: 7/7
  3344 | D:5      | Got a steaming ring mail
  3355 | D:5      | Identified the +5 ring mail of Patterns {rC+ MR+ Regen+}
                  | (You found it on level 5 of the Dungeon)
  3372 | D:5      | Noticed Menkaure
  3384 | D:5      | Killed Menkaure
  3384 | D:5      | Reached skill level 5 in Axes
  3441 | D:5      | Noticed Edmund
  3452 | D:5      | Killed Edmund
  3496 | D:5      | Found a shimmering altar of Xom.
  3496 | D:5      | Found a glowing golden altar of the Shining One.
  3496 | D:5      | Noticed Pikel
  3500 | D:5      | Killed Pikel
  3500 | D:5      | Reached skill level 5 in Fighting
  3500 | D:5      | Reached skill level 6 in Axes
  3500 | D:5      | Reached skill level 5 in Armour
  3500 | D:5      | Gained mutation: You have very sharp fingernails. [demonic
                  | ancestry]
  3500 | D:5      | Reached XP level 8. HP: 62/62 MP: 8/8
  3583 | D:5      | Got a polished leather armour
  3707 | D:5      | Found a staircase to the Ecumenical Temple.
  3925 | D:6      | Found Tasiuc's Gadget Shoppe.
  3989 | D:6      | Reached **** piety under Trog
  4029 | D:6      | Identified the +0 leather armour of the Earth {*Contam
                  | rElec rC+ Stlth+} (You found it on level 5 of the Dungeon)
  4091 | D:6      | Gained mutation: You have a beak for a mouth. [mutagenic
                  | glow]
  4419 | D:6      | Found a hide-covered altar of Uskayaw.
  4590 | D:7      | Reached skill level 7 in Axes
  4757 | D:7      | Gained mutation: You are mostly covered in icy blue scales.
                  | (AC +3) [demonic ancestry]
  4757 | D:7      | Reached XP level 9. HP: 66/69 MP: 9/9
  5211 | D:8      | Reached skill level 8 in Axes
  5623 | D:8      | Reached skill level 9 in Axes
  5740 | D:8      | Reached skill level 1 in Evocations
  5859 | D:9      | Reached ***** piety under Trog
  5926 | D:9      | Found a flagged portal.
  5937 | Bailey   | Entered a bailey
  5980 | Bailey   | Gained mutation: You regenerate health from kills. [demonic
                  | ancestry]
  5980 | Bailey   | Reached XP level 10. HP: 55/79 MP: 10/10
  6233 | Bailey   | Got a coiled ruby amulet
  6237 | Bailey   | Identified the amulet "Piky" {Acrobat *Drain Fragile Str+8
                  | SInv} (You found it in a bailey)
  6455 | D:9      | Found a staircase to the Lair.
  6710 | D:9      | Reached skill level 10 in Axes
  6713 | D:9      | Reached skill level 5 in Dodging
  6818 | D:9      | Noticed a two-headed ogre
  6824 | D:9      | Killed a two-headed ogre
  6987 | D:9      | Found a hazy altar of Hepliaklqana.
  7024 | Lair:1   | Entered Level 1 of the Lair of Beasts
  7064 | Lair:1   | Found a frozen archway.
  7109 | IceCv    | Entered an ice cave
  7148 | IceCv    | Received a gift from Trog
  7163 | IceCv    | Reached skill level 11 in Axes
  7228 | IceCv    | Gained mutation: You have claws for hands. [demonic
                  | ancestry]
  7228 | IceCv    | Reached XP level 11. HP: 50/86 MP: 6/12
  7378 | IceCv    | Found an ancient bone altar of Kikubaaqudgha.
  7454 | IceCv    | HP: 4/130 [freezing wraith (8)]
  7454 | IceCv    | Mangled by a freezing wraith

Skill      XL: |  1  2  3  4  5  6  7  8  9 10 11 |
---------------+----------------------------------+-----
Axes           | 3 4 6 7 9 11 | 11.3
Dodging        | 2 3 4 5 |  5.6
Armour         | 2 3 5 6 7 |  7.1
Fighting       | 4 5 6 7 8 |  8.4
Polearms       | 1 2 |  2.1
Evocations     | 1 2 |  2.1
Throwing       | |  0.5

Action                   |  1- 3 |  4- 6 |  7- 9 | 10-12 || total
-------------------------+-------+-------+-------+-------++-------
Melee: Hand axe          |   125 |   198 |   278 |   185 ||   786
       Trident           |       |    37 |       |       ||    37
       Peck              |       |       |    41 |    52 ||    93
       War axe           |       |       |       |    22 ||    22
Throw: Tomahawk          |       |       |       |     6 ||     6
Invok: Berserk           |     1 |     2 |     2 |     5 ||    10
       Trog's Hand       |       |       |     1 |       ||     1
       Brothers in Arms  |       |       |       |     2 ||     2
Evoke: Wand              |       |       |     4 |     7 ||    11
       Fan of gales      |       |       |       |     1 ||     1
  Use: Scroll            |       |    13 |     5 |     2 ||    20
       Potion            |       |     1 |       |     2 ||     3
 Stab: Sleeping          |     1 |       |       |       ||     1
       Paralysed         |       |       |     2 |       ||     2
       Distracted        |       |       |       |     1 ||     1
  Eat: Chunk             |     2 |     8 |    10 |     3 ||    23
       Ration            |       |       |       |     2 ||     2
Armor: Animal skin       |    18 |       |       |       ||    18
       Ring mail         |    44 |   111 |   119 |    94 ||   368
       Scale mail        |       |    25 |       |       ||    25
Dodge: Dodged            |   119 |   134 |   156 |   174 ||   583
